 Dungeon Crawl Stone Soup version 0.31-a0-234-gad7ace16ef (webtiles) character file.

Game seed: 12913080078472936167

93 qw the Shooter (level 4, -6/36 HPs)
             Began as a Minotaur Hexslinger on July 9, 2023.
             Mangled by a gnoll
             ... wielding a +0 whip
              (7 damage)
             ... on level 3 of the Dungeon.
             The game lasted 00:00:37 (1503 turns).

qw the Shooter (Minotaur Hexslinger)                Turns: 1503, Time: 00:00:37

Health: -6/36      AC:  5    Str: 18    XL:     4   Next: 37%
Magic:  4/4        EV: 12    Int: 10    God:
Gold:   102        SH:  0    Dex: 15    Spells: 4/5 levels left

rFire   . . .        Y - +1 sling
rCold   + . .        (no shield)
rNeg    . . .        n - +1 leather armour {rC+}
rPois   .            (helmet restricted)
rElec   .            j - scarf {repulsion}
rCorr   .            (no gloves)
SInv    .            k - +0 pair of boots
Will    .....        (no amulet)
Stlth   +            c - +6 ring of strength
HPRegen 0.26/turn    (no ring)
MPRegen 0.09/turn

%: repel missiles
@: no status effects
A: horns 2, retaliatory headbutt
a: no special abilities


You were on level 3 of the Dungeon.
You visited 1 branch of the dungeon, and saw 3 of its levels.

You collected 102 gold pieces.


Innate Abilities, Weirdness & Mutations

You have a pair of horns on your head.
You reflexively headbutt those who attack you in melee.


   Skills:
 - Level 2.0 Fighting
 + Level 4.9 Ranged Weapons
 - Level 2.1 Dodging
 - Level 1.0 Spellcasting
 - Level 2.0 Hexes


You had 4 spell levels left.
You knew the following spells:

 Your Spells              Type           Power      Damage    Failure   Level
a - Slow                  Hex            16%        N/A       19%         1

Your spell library contained the following spells:

 Spells                   Type           Power      Damage    Failure   Level
 Inner Flame              Hex/Fire       2%         N/A       63%         3
 Portal Projectile        Hex/Tloc       4%         N/A       63%         3
 Cause Fear               Hex            2%         N/A       87%         4

Inventory:

Hand Weapons
 Y - a +1 sling (weapon)
Armour
 j - a scarf of repulsion (worn)
 k - a +0 pair of boots (worn)
 n - a +1 leather armour of cold resistance (worn)
Jewellery
 c - a +6 ring of strength (left hand)
 h - a ring of ice
Potions
 a - a potion of invisibility {unknown}
 e - a potion of magic {unknown}
 g - a potion of degeneration {unknown}
 i - a potion of berserk rage {unknown}
 l - a potion of curing {unknown}
 m - a potion of mutation {unknown}

Dungeon Overview and Level Annotations

Branches:
Dungeon (3/15)

Altars:

Shops:
D:2 [


Message History

The gnoll shouts!
You shoot a sling bullet. The sling bullet hits the gnoll.
The gnoll is heavily wounded.
You shoot a sling bullet. The sling bullet hits the gnoll.
The gnoll is almost dead.
The gnoll hits you with a +0 club.
You shoot a sling bullet. The sling bullet hits the gnoll.
You kill the gnoll!
You have reached level 4!
You feel agile.
You shoot a sling bullet. The sling bullet hits the gnoll.
The gnoll is moderately wounded.
The gnoll closely misses you. You furiously retaliate!
You headbutt the gnoll, but do no damage.
The gnoll misses you. You furiously retaliate!
You headbutt the gnoll! You shoot a sling bullet.
The sling bullet hits the gnoll.
You kill the gnoll!
The gnoll hits you with a +0 whip. x2
You shoot a sling bullet.
The sling bullet barely misses the gnoll.
The gnoll closely misses you. x2; The hobgoblin closely misses you.
You furiously retaliate!
You headbutt the hobgoblin, but do no damage.
You shoot a sling bullet.
The sling bullet barely misses the gnoll.
The gnoll hits you with a +0 whip! The gnoll barely misses you.
You furiously retaliate!
You headbutt the gnoll! The hobgoblin hits you.
You shoot a sling bullet. The sling bullet hits the gnoll.
You kill the gnoll!
The gnoll hits you with a +0 whip. The hobgoblin closely misses you.
You furiously retaliate!
You headbutt the hobgoblin. You shoot a sling bullet.
The sling bullet closely misses the hobgoblin.
The gnoll hits you with a +0 whip. The hobgoblin barely misses you.
You shoot a sling bullet. The sling bullet hits the hobgoblin.
You kill the hobgoblin!
The gnoll hits you with a +0 whip. x2
You shoot a sling bullet. The sling bullet hits the gnoll.
The gnoll is moderately wounded.
The gnoll hits you with a +0 whip!
You die...

.....#.#...#####........#
# ....##+#.....
#.####.#.#.#. ......
..... #.#[..........
#...... ....
#.#.#....#.#..
#.<.........
+.#..........
#.<..........
##....#.##.#..
.....#+###....
+............
......##.(.......#..
#....)@g...####.#..
......#)#...# .# .....
#.....# # .... #'#.#.#
..< .>..#.# .. ....#.. .
...## .. ..... .#


You could see a gnoll.

Vanquished Creatures
  2 adders (D:2)
  3 gnolls (D:3)
  A worm (D:2)
  2 dart slugs
  3 endoplasms
  3 giant cockroaches
  5 hobgoblins
  2 kobolds (D:1)
  3 quokkas
  5 ball pythons
  4 bats
  2 frilled lizards (D:2)
  2 goblins (D:1)
  A rat (D:2)
38 creatures vanquished.

Notes
Turn   | Place    | Note
-------+----------+-------------------------------------------
     0 | D:1      | qw the Minotaur Hexslinger began the quest for the Orb.
     0 | D:1      | Reached XP level 1. HP: 16/16 MP: 1/1
     0 | D:1      | 0 ||| qw: Version: 0.3-a-51-g015441d
     0 | D:1      | 0 ||| qw: Game counter: 4313
     0 | D:1      | 0 ||| qw: Melee chars always use a shield: true
     0 | D:1      | 0 ||| qw: God list: Okawaru
     0 | D:1      | 0 ||| qw: Allow faded altars: false
     0 | D:1      | 0 ||| qw: Do Orc after clearing Dungeon:15 true
     0 | D:1      | 0 ||| qw: Do second Lair branch before Depths: true
     0 | D:1      | 0 ||| qw: Lair rune preference: random
     0 | D:1      | 0 ||| qw: Goals: Normal
     0 | D:1      | 0 ||| PLANNING D:1-11
   214 | D:1      | Reached skill level 3 in Ranged Weapons
   214 | D:1      | Reached XP level 2. HP: 23/23 MP: 2/2
   311 | D:1      | Found a faded altar of an unknown god.
   607 | D:1      | 607 ||| UPGRADING to +0 leather armour.
   617 | D:1      | 617 ||| DROPPING +0 robe.
   618 | D:1      | 618 ||| UPGRADING to scarf of repulsion.
   623 | D:1      | 623 ||| READING scroll labelled HIMUPL BOIFIWN.
   624 | D:1      | 624 ||| READING scroll labelled DUSTRY XAHEJ.
   625 | D:1      | 625 ||| READING scroll labelled MATEKU JECI.
   626 | D:1      | 626 ||| READING scroll labelled POUTUA LOICSID.
   627 | D:1      | 627 ||| DROPPING scroll of poison.
   708 | D:2      | Found Nouxiv's Armour Shoppe.
   716 | D:2      | 716 ||| SHOPLISTING +0 ring mail (56 gold, have 51).
   716 | D:2      | 716 ||| SHOPLISTING +1 robe of willpower (177 gold, have
                  | 51).
   716 | D:2      | 716 ||| SHOPLISTING +2 cloak of preservation (301 gold,
                  | have 51).
   716 | D:2      | 716 ||| SHOPLISTING +2 robe of Upne {rN+ Int+4} (424 gold,
                  | have 51).
   847 | D:2      | Reached XP level 3. HP: 29/29 MP: 3/3
  1050 | D:2      | Reached skill level 4 in Ranged Weapons
  1368 | D:2      | 1368 ||| UPGRADING to +0 ring mail.
  1378 | D:2      | 1378 ||| DROPPING +0 leather armour.
  1379 | D:2      | 1379 ||| UPGRADING to +0 pair of boots.
  1384 | D:2      | 1384 ||| UPGRADING to +1 leather armour of cold resistance.
  1394 | D:2      | 1394 ||| DROPPING +0 ring mail.
  1395 | D:2      | 1395 ||| UPGRADING to +6 ring of strength.
  1396 | D:2      | 1396 ||| READING scroll labelled XOIRAM JISHUDU.
  1397 | D:2      | 1397 ||| READING scroll labelled ICRASI VONAKH.
  1496 | D:3      | Reached XP level 4. HP: 30/36 MP: 4/4
  1502 | D:3      | HP: 7/36 [gnoll/+0 whip (5)]
  1502 | D:3      | HP: 1/36 [gnoll/+0 whip (6)]
  1503 | D:3      | Mangled by a gnoll

Levels and vault maps discovered:
D:1:      ebering_hopf_link, layout_basic, shapermc_ecumenical_altar_ellora
D:2:      kennysheep_big_flooded_room, layout_loops_ring, serial_shops,
          nicolae_diamond_shop
D:3:      layout_basic

Skill      XL: |  1  2  3 |
---------------+----------+-----
Ranged Weapons | 3 4 |  4.9
Fighting       | 2 |  2.0
Dodging        | |  2.1
Spellcasting   | |  1.0
Hexes          | |  2.0

Action                     |  1- 3 |  4- 6 || total
---------------------------+-------+-------++-------
   Fire: Sling             |   116 |     8 ||   124
    Use: Scroll            |     6 |       ||     6
 Armour: Robe              |     2 |       ||     2
         Leather armour    |     6 |       ||     6
  Dodge: Dodged            |    21 |     8 ||    29
         Repelled          |     1 |       ||     1

Table legend:
 A = Non-vault XP
 B = Vault XP
 C = Vault XP percentage of total XP
 D = Non-vault monster count
 E = Vault monster count
 F = Vault count percentage of total count
                 A         B        C        D         E       F
            +---------+---------+-------+---------+---------+-------
      Total |     129 |       5 |   3.7 |      36 |       2 |   5.3
            +---------+---------+-------+---------+---------+-------
        D:1 |      27 |       0 |   0.0 |      14 |       0 |   0.0
        D:2 |      58 |       5 |   7.9 |      18 |       2 |  10.0
        D:3 |      44 |       0 |   0.0 |       4 |       0 |   0.0
            +---------+---------+-------+---------+---------+-------
